 Dungeon Crawl Stone Soup version 0.22-a0-377-g846bec1 (webtiles) character file.

117404 4thArraOfDagon the Earth Mage (level 16, -2/165 HPs)
             Began as an Ogre Earth Elementalist on Apr 27, 2018.
             Was a High Priest of Vehumet.
             Killed from afar by a deep elf death mage (33 damage)
             ... with a bolt of negative energy
             ... on level 3 of the Elven Halls.
             The game lasted 01:39:34 (17719 turns).

4thArraOfDagon the Earth Mage (OgEE)               Turns: 17719, Time: 01:39:35

Health: -2/165     AC: 15    Str: 16    XL:     16   Next: 74%
Magic:  2/36       EV: 11    Int: 24    God:    Vehumet [*****.]
Gold:   350        SH:  0    Dex:  9    Spells: 6/47 levels left

rFire    . . .     SeeInvis .   u - +9 broad axe "Huurchocai" {chop, rC+}
rCold    + . .     Gourm    +   (no shield)
rNeg     . . .     Faith    .   I - +4 troll leather armour
rPois    +         Spirit   .   (helmet restricted)
rElec    .         Reflect  .   V - +2 cloak
rCorr    .         Harm     .   (gloves unavailable)
MR       +....                  (boots unavailable)
Stlth    ++........             z - amulet of the gourmand
HPRegen  0.77/turn              Z - +3 ring of intelligence
MPRegen  0.25/turn              x - ring of wizardry

@: drained
A: large, unfitting armour, talons 1, icy blue scales 2, poison resistance,
tough skin 1, MP-powered wands
a: Renounce Religion


You were on level 3 of the Elven Halls.
You worshipped Vehumet.
Vehumet was extremely pleased with you.
You were not hungry.

You visited 4 branches of the dungeon, and saw 21 of its levels.
You visited the Abyss 1 time.
You also visited: Labyrinth and Ice Cave.

You collected 2202 gold pieces.
You spent 1852 gold pieces at shops.

Inventory:

Hand Weapons
 n - a +1 giant spiked club
 u - the +9 broad axe "Huurchocai" (weapon) {chop, rC+}
   (You bought it in a shop on level 2 of the Elven Halls)

   It inflicts extra damage upon your enemies.
   It protects you from cold.
 J - the +7 war axe of Defence {drain, +Fly rF+ Str+2 Dex-5}
   (You found it on level 7 of the Dungeon)

   A truly terrible weapon, it drains the life of those it strikes.
   It affects your strength (+2).
   It affects your dexterity (-5).
   It protects you from fire.
   It lets you fly.
Missiles
 b - 249 stones
 h - 7 throwing nets
 k - 6 tomahawks of dispersal (quivered)
 Q - 7 large rocks
Armour
 I - a +4 troll leather armour (worn)
 T - the +1 cloak of the Ban {rElec MR- Regen+ Str+7}
   (You found it on level 2 of the Abyss)

   It affects your strength (+7).
   It insulates you from electricity.
   It affects your resistance to hostile enchantments.
   It increases your rate of regeneration.
 V - a +2 cloak (worn)
Magical Staves
 M - an uncursed staff of conjuration {!a}
Jewellery
 a - an uncursed ring of positive energy
 j - an uncursed ring of protection from fire
 m - an uncursed ring of ice
 x - a ring of wizardry (right hand)
 z - an amulet of the gourmand (around neck)
 D - the ring "Linokiuf" {rC+ rN+ MP+9 Stlth+}
   (You took it off a deep elf annihilator on level 3 of the Elven Halls)

   [ring of protection from cold]

   It protects you from cold.
   It protects you from negative energy.
   It affects your magic capacity (+9).
   It makes you more stealthy.
 H - an uncursed ring of poison resistance
 L - the amulet of Vitwoim {Faith +Inv +Fly rC+ Dex-2}
   (You took it off an orc on level 11 of the Dungeon)

   [amulet of faith]

   It allows you to gain divine favour quickly.
   It affects your dexterity (-2).
   It protects you from cold.
   It lets you turn invisible.
   It lets you fly.
 N - a +4 ring of strength
 O - the ring "Ihaj" {Fire +Inv}
   (You took it off a vampire on level 11 of the Dungeon)

   [ring of fire]

   It enhances your fire magic.
   It protects you from fire.
   It makes you vulnerable to cold.
   It lets you turn invisible.
 R - the ring "Juhiyg" {rCorr rElec Dex+4 Slay+3}
   (You took it off an orc warrior on level 11 of the Dungeon)

   [ring of resist corrosion]

   It affects your dexterity (+4).
   It affects your accuracy and damage with ranged weapons and melee attacks
   (+3).
   It insulates you from electricity.
 S - the ring of Hiyf {Fire rN+++ Str+6 Int-3}
   (You found it on level 11 of the Dungeon)

   [ring of fire]

   It enhances your fire magic.
   It affects your strength (+6).
   It affects your intelligence (-3).
   It protects you from fire.
   It makes you vulnerable to cold.
   It renders you almost immune to negative energy.
 Y - an uncursed ring of see invisible
 Z - a +3 ring of intelligence (left hand)
Wands
 c - a wand of clouds (2)
 e - a wand of acid (4)
 i - a wand of enslavement (18)
 r - a wand of flame (72)
 y - a wand of random effects (31)
 A - a wand of iceblast (5)
 K - a wand of polymorph (24)
 W - a wand of digging (10)
Scrolls
 f - a scroll of immolation
 g - 2 scrolls of summoning
 o - 10 scrolls of remove curse
 p - 6 scrolls of amnesia
 v - 5 scrolls of fog
 C - 2 scrolls of noise
 F - a scroll of teleportation
Potions
 q - a potion of might
 t - 5 potions of flight
 w - 2 potions of curing
 B - a potion of berserk rage
 E - a potion of resistance
 P - a potion of mutation
 U - a potion of cancellation
Miscellaneous
 l - a lightning rod (2/4)
 s - a phial of floods
 G - a lamp of fire
Comestibles
 d - 27 rations


   Skills:
 - Level 12.0(10.8) Fighting
 - Level 6.0(5.0) Dodging
 - Level 3.6(2.7) Stealth
 + Level 16.0(14.8) Spellcasting
 - Level 4.0(3.0) Charms
 - Level 4.0(3.0) Necromancy
 - Level 4.1(3.2) Transmutations
 * Level 18.5(17.1) Earth Magic


You had 6 spell levels left.
You knew the following spells:

 Your Spells              Type           Power        Failure   Level  Hunger
a - Sandblast             Erth           ######       0%          1    None
b - Lee's Rapid Deconstr  Erth           #######...   1%          5    ##.....
c - Regeneration          Chrm/Necr      ####......   1%          3    None
d - Shatter               Erth           #######...   32%         9    #######
e - Iron Shot             Conj/Erth      ######....   2%          6    ####...
f - Petrify               Tmut/Erth      ######..     1%          4    None
g - Statue Form           Tmut/Erth      ######...    4%          6    ####...
h - Orb of Destruction    Conj           ###.......   92%         7    ######.


Dungeon Overview and Level Annotations

Branches:
Dungeon (15/15)            Temple (1/1) D:5            Lair (0/6) D:8
    Orc (2/2) D:11            Elf (3/3) Orc:2        Vaults (0/5) D:14
 Depths (0/5) D:15

Altars:
Dithmenos
Elyvilon
Fedhas
Hepliaklqana
Kikubaaqudgha
Nemelex Xobeh
Okawaru
Ru
Trog
Uskayaw
Vehumet
The Shining One

Shops:
D:9 =   D:10 ?   D:12 *((   Orc:2 %*::   Elf:1 =   Elf:2 *

Annotations:
Elf:2 3 runed doors


Innate Abilities, Weirdness & Mutations

You are too large for most types of armour.
You have tough skin. (AC +1)
You have sharp toenails.
You are mostly covered in icy blue scales. (AC +3)
Your system is resistant to poisons. (rPois)
You expend magic power (3 MP) to strengthen your wands.


Message History

Aiming: Thunderbolt
Press: ? - help, Shift-Dir - straight line, f/p - deep elf death mage
Aim: a deep elf death mage, wielding a long sword and wearing a chain mail (severely wounded)
The thunderbolt hits the deep elf death mage.
The deep elf death mage is severely wounded.
The deep elf death mage hits you with a long sword.
* * * LOW HITPOINT WARNING * * *
Unknown command.
Unknown command.
Unknown command.
Unknown command.
Evoke which item? (* to show all) (? for menu, Esc to quit)
Aiming: Thunderbolt
Press: ? - help, Shift-Dir - straight line, f/p - deep elf death mage
Aim: a deep elf death mage, wielding a long sword and wearing a chain mail (severely wounded)
The thunderbolt hits the deep elf death mage.
The deep elf death mage is almost dead.
The deep elf death mage points at you and mumbles some strange words.
The bolt of negative energy hits you!
You feel drained.
You die...

#..#.....................
#..#..############....###
#..'..#...<......#....#..
#..#..#..........#....#..
#..#..#..........#....#..
#..#..#..........#)...#..
#.)#..#..........#....#..
#..#..#..........'....#..
#..#..#.@........#....'..
#..#..#..e.......#....#..
#..# #..........#....#..
#.)# #..........#....#..
#..#..#..........#....#..
#..#..#..........#....#..
#.)#..#..........#....#..
#.)#..#..........#....#..
#))#..#..........#..<.#


You could see a deep elf death mage.

Vanquished Creatures
  Rupert (Orc:2)
  Asterion (Elf:1)
  A deep elf blademaster (Elf:3)
  A lich (Abyss:2)
  An orc warlord (Orc:1)
  4 deep elf sorcerers
  3 deep elf elementalists (Elf:3)
  5 very ugly things
  A deep elf demonologist (Elf:3)
  A minotaur (Lab)
  2 deep elf annihilators (Elf:3)
  Snorg (Orc:1)
  An ettin (Orc:1)
  5 deep elf death magi
  A deep elf high priest (Elf:3)
  Harold (D:12)
  2 hydras
  3 centaur warriors
  15 dancing weapons
  11 two-headed ogres
  2 tengu warriors (D:13)
  An orc high priest (Elf:3)
  A soul eater (Abyss:2)
  9 deep elf knights
  A wretched star (Abyss:2)
  A skeletal warrior (D:11)
  A large abomination (Abyss:2)
  3 unseen horrors
  A wizard (Elf:1)
  A lindwurm (shapeshifter) (Elf:1)
  2 deep elf archers
  7 orc knights
  33 deep elf magi
  3 orc sorcerers
  2 cyclopes (D:11)
  8 ugly things
  Maurice (D:12)
  2 manticores (D:13)
  A moth of wrath (shapeshifter) (D:14)
  3 centaur zombies
  5 ice statues (IceCv)
  A gargoyle (D:10)
  A smoke demon (Abyss:2)
  4 kobold demonologists
  A redback zombie (D:14)
  A golden dragon simulacrum (IceCv)
  An anaconda simulacrum (IceCv)
  2 komodo dragons
  A tormentor (Abyss:2)
  A tengu conjurer (D:13)
  An ancient zyme (Abyss:2)
  A wolf spider simulacrum (D:15)
  2 trolls
  6 hippogriffs
  A polar bear (shapeshifter) (Elf:2)
  A hornet (D:5)
  Grinder (D:6)
  6 air elementals
  A vampire (D:11)
  2 shadows (D:11)
  A wyvern (D:12)
  2 ynoxinuls (Abyss:2)
  A wraith (D:15)
  2 water elementals
  2 dire elephant simulacra (IceCv)
  2 fire elementals (Elf:3)
  A wyvern (shapeshifter) (Elf:1)
  23 yaks
  Eustachio (D:6)
  A basilisk (D:15)
  5 vampire mosquitoes
  3 wargs (D:15)
  3 harpy simulacra (IceCv)
  3 hungry ghosts
  Edmund (D:4)
  2 hydra simulacra (IceCv)
  A soldier ant (D:14)
  An acid dragon (D:15)
  A water moccasin (D:9)
  Duvessa (D:6)
  41 orc warriors
  A swamp drake (D:15)
  4 black bears
  10 ice beasts
  3 phantoms
  5 sky beasts
  4 eyes of draining
  A necrophage (D:8)
  A boggart (Elf:1)
  15 ogres
  17 centaurs
  A crocodile (D:11)
  6 big kobolds
  7 bullfrogs
  Blork the orc (D:5)
  A bullfrog (shapeshifter) (Abyss:2)
  4 earth elementals
  5 small abominations (Abyss:2)
  Dowan (D:6)
  3 scorpions
  2 wyvern skeletons
  6 wights
  15 killer bees
  2 howler monkeys
  2 bullfrog zombies
  2 crimson imps
  5 jellies
  3 quasits
  3 hounds
  15 orc priests
  2 centaur skeletons
  Jessica (D:2)
  Ijyb (D:3)
  3 iguanas
  9 worker ants
  Natasha (thrice) (D:2)
  16 orc wizards
  The ghost of zero the Grave Robber, a weakling GnNe (D:3)
  A hound zombie (D:8)
  2 hound skeletons (D:9)
  A mummy (D:8)
  9 gnolls
  14 adders
  5 shadow imps
  An ufetubus (Abyss:2)
  An ooze (D:1)
  An adder zombie (D:5)
  2 worms (D:3)
  11 dart slugs
  5 leopard geckos
  87 orcs
  9 bats
  10 giant cockroaches
  9 goblins
  11 hobgoblins
  10 jackals
  28 kobolds
  7 quokkas
  3 ball pythons
  8 frilled lizards
  2 hobgoblin zombies (D:8)
  A kobold zombie (D:8)
  A leopard gecko zombie (D:6)
  An orc zombie (D:8)
  A quokka skeleton (D:4)
  2 rats
706 creatures vanquished.

Vanquished Creatures (others)
  7 withered plants (D:15)
7 creatures vanquished.

Grand Total: 713 creatures vanquished

Notes
Turn   | Place    | Note
-------+----------+-------------------------------------------
     0 | D:1      | 4thArraOfDagon the Ogre Earth Elementalist began the quest for the Orb.
     0 | D:1      | Reached XP level 1. HP: 16/16 MP: 3/3
     2 | D:1      | https://www.youtube.com/watch?v=LBZ-3Ugj1AQ
     8 | D:1      | mood to win
   104 | D:1      | Reached skill level 3 in Earth Magic
   127 | D:1      | Reached XP level 2. HP: 16/24 MP: 1/5
   269 | D:1      | Reached XP level 3. HP: 31/31 MP: 2/7
   406 | D:2      | Reached XP level 4. HP: 39/39 MP: 1/9
   451 | D:2      | Reached skill level 4 in Earth Magic
   597 | D:2      | Noticed Natasha
   603 | D:2      | Killed Natasha
   738 | D:3      | Reached XP level 5. HP: 33/45 MP: 8/10
   747 | D:3      | Learned a level 5 spell: Lee's Rapid Deconstruction
   763 | D:3      | Noticed Ijyb
   784 | D:4      | Noticed an ogre
   795 | D:4      | Killed an ogre
   812 | D:5      | Entered Level 5 of the Dungeon
   819 | D:5      | Reached skill level 5 in Earth Magic
   839 | D:6      | Reached XP level 6. HP: 53/53 MP: 6/12
   899 | D:5      | Found a staircase to the Ecumenical Temple.
   908 | Temple   | Entered the Ecumenical Temple
   921 | Temple   | Became a worshipper of Vehumet
   977 | D:3      | Noticed zero's ghost (weakling GnNe)
   982 | D:3      | Killed zero's ghost
  1011 | D:3      | zero: My game is spamming ghosts
  1077 | D:3      | 4thArraOfDagon: so is mine ;)
  1104 | D:3      | 4thArraOfDagon: I think
  1104 | D:3      | 4thArraOfDagon: they should replace labirynth
  1104 | D:3      | 4thArraOfDagon: with ghost town
  1163 | D:2      | Reached * piety under Vehumet
  1163 | D:2      | Offered knowledge of Magic Dart by Vehumet.
  1164 | D:2      | 4thArraOfDagon: at least some of deaths would be avenged
  1188 | D:1      | zero: they already have shadows in lab xD
  1262 | D:1      | 4thArraOfDagon: yea but imagine all those avenged fellas in one place xd
  1268 | D:1      | jacquesderrida: Da
  1268 | D:1      | 4thArraOfDagon: wouldnt that be fun ?
  1275 | D:1      | zero: haha
  1275 | D:1      | 4thArraOfDagon: oh hey
  1378 | D:1      | 4thArraOfDagon: I mean deceased ( not avenged)
  1600 | D:2      | Noticed Natasha
  1630 | D:2      | Killed Natasha
  1677 | D:2      | Noticed Natasha
  1681 | D:2      | Killed Natasha
  1763 | D:2      | Noticed Jessica
  1769 | D:2      | Killed Jessica
  2112 | D:3      | Killed Ijyb
  2112 | D:3      | Reached skill level 5 in Spellcasting
  2112 | D:3      | Reached XP level 7. HP: 60/61 MP: 9/14
  2338 | D:4      | Reached skill level 1 in Fighting
  2354 | D:4      | Reached skill level 6 in Earth Magic
  2359 | D:4      | Offered knowledge of Flame Tongue by Vehumet.
  2392 | D:4      | 4thArraOfDagon: damn leaflets!
  2392 | D:4      | 4thArraOfDagon: they just keep coming
  2392 | D:4      | 4thArraOfDagon: I thought it was the postman
  2523 | D:4      | Reached ** piety under Vehumet
  2534 | D:4      | Noticed Edmund
  2582 | D:4      | Killed Edmund
  2725 | D:4      | Reached XP level 8. HP: 74/74 MP: 6/16
  2758 | D:4      | Identified Gyerotuj's Guide on Shifting Beguiling
  3023 | D:5      | Noticed a hornet
  3030 | D:5      | Killed a hornet
  3090 | D:5      | Learned a level 3 spell: Regeneration
  3300 | D:5      | Reached skill level 1 in Necromancy
  3300 | D:5      | Reached skill level 7 in Earth Magic
  3374 | D:5      | Reached skill level 1 in Charms
  3612 | D:6      | Noticed Blork the orc
  3612 | D:6      | Noticed Eustachio
  3616 | D:6      | Noticed Grinder
  3623 | D:5      | Killed Blork the orc
  3725 | D:6      | Noticed Duvessa
  3728 | D:6      | Noticed Dowan
  3733 | D:6      | Killed Duvessa
  3737 | D:6      | Killed Dowan
  3737 | D:6      | Reached XP level 9. HP: 69/85 MP: 2/18
  3794 | D:6      | Rhok: haha
  3795 | D:6      | Killed Grinder
  3811 | D:6      | 4thArraOfDagon: had to reboot, sry
  3897 | D:6      | Killed Eustachio
  3897 | D:6      | Offered knowledge of Inner Flame by Vehumet.
  3932 | D:6      | Noticed a two-headed ogre
  3953 | D:6      | Killed a two-headed ogre
  3953 | D:6      | Reached skill level 5 in Fighting
  3982 | D:6      | Found a shadowy altar of Dithmenos.
  4209 | D:7      | Reached skill level 8 in Earth Magic
  4359 | D:7      | Got an encrusted war axe
  4360 | D:7      | Identified the +7 war axe of Defence {drain, +Fly rF+ Str+2 Dex-5} (You found it on level 7 of the Dungeon)
  4615 | D:7      | Reached *** piety under Vehumet
  4864 | D:8      | Noticed a two-headed ogre
  4931 | D:8      | Reached XP level 10. HP: 82/97 MP: 12/20
  4999 | D:8      | Killed a two-headed ogre
  5299 | D:8      | Found a staircase to the Lair.
  5470 | D:8      | Found a white marble altar of Elyvilon.
  5482 | D:8      | Reached skill level 5 in Dodging
  5502 | D:8      | Noticed a two-headed ogre
  5537 | D:8      | Killed a two-headed ogre
  5537 | D:8      | Reached skill level 9 in Earth Magic
  5580 | D:8      | Offered knowledge of Force Lance by Vehumet.
  5826 | D:8      | p0werm0de: y0y0
  5873 | D:8      | jacquesderrida: FRODO
  5970 | D:8      | 4thArraOfDagon: hiho
  6050 | D:9      | jacquesderrida: HELO
  6117 | D:9      | p0werm0de: ;>
  6121 | D:9      | p0werm0de: !lg
  6125 | D:9      | beem: 12702. p0werm0de the Champion of Chaos (L22 DDFi of Makhleb), escaped with the Orb and 3 runes on 2018-04-27 08:40:49, with 3933358 points after 17379 turns and 0:32:02.
  6211 | D:9      | jacquesderrida: dedd
  6214 | D:9      | p0werm0de: braggerinio
  6219 | D:9      | p0werm0de: NO
  6263 | D:9      | Reached XP level 11. HP: 104/110 MP: 7/23
  6269 | D:9      | jacquesderrida: Died before getting the orb..............
  6518 | D:9      | Found Rayl's Jewellery Boutique.
  6801 | D:10     | Entered Level 10 of the Dungeon
  6801 | D:10     | Noticed a two-headed ogre
  6804 | D:10     | Killed a two-headed ogre
  6804 | D:10     | Reached skill level 10 in Earth Magic
  7044 | D:10     | Reached **** piety under Vehumet
  7188 | D:10     | Offered knowledge of Irradiate by Vehumet.
  7226 | D:10     | Found Seab Led's Magic Scroll Emporium.
  7234 | D:10     | Bought a scroll of teleportation for 42 gold pieces
  7234 | D:10     | Bought a scroll of identify for 28 gold pieces
  7234 | D:10     | Bought a scroll of teleportation for 42 gold pieces
  7237 | D:10     | Gained mutation: You possess an exceptional clarity of mind. [potion of mutation]
  7237 | D:10     | Gained mutation: Armour fits poorly on your strangely shaped body. [potion of mutation]
  7237 | D:10     | Gained mutation: You are dopey. (Int -2) [potion of mutation]
  7237 | D:10     | Gained mutation: You are partially covered in icy blue scales. (AC +2) [potion of mutation]
  7238 | D:10     | Lost mutation: You possess an exceptional clarity of mind. [potion of mutation]
  7238 | D:10     | Lost mutation: You are dopey. (Int -2) [potion of mutation]
  7238 | D:10     | Lost mutation: Armour fits poorly on your strangely shaped body. [potion of mutation]
  7238 | D:10     | Gained mutation: You evolve. [potion of mutation]
  7305 | D:10     | Killed an unseen horror
  7834 | D:11     | Noticed a skeletal warrior
  7837 | D:11     | Killed a skeletal warrior
  7903 | D:11     | Killed an unseen horror
  7912 | D:11     | Noticed a seven-headed hydra
  7915 | D:11     | Noticed a two-headed ogre
  7928 | D:11     | Reached skill level 11 in Earth Magic
  7930 | D:11     | Killed a seven-headed hydra
  7988 | D:11     | Killed a two-headed ogre
  8075 | D:11     | Reached XP level 12. HP: 108/126 MP: 15/25
  8090 | D:11     | Reached ***** piety under Vehumet
  8093 | D:11     | Reached skill level 10 in Fighting
  8098 | D:11     | Got a serpentine graven amulet
  8114 | D:11     | Identified the amulet of Vitwoim {Faith +Inv +Fly rC+ Dex-2} (You took it off an orc on level 11 of the Dungeon)
  8121 | D:10     | Gained mutation: Potions are less effective at restoring your health. [evolution]
  8123 | D:10     | :*
  8182 | D:11     | Noticed a two-headed ogre
  8184 | D:11     | Killed a two-headed ogre
  8184 | D:11     | Offered knowledge of Bolt of Draining by Vehumet.
  8184 | D:11     | Reached skill level 10 in Spellcasting
  8249 | D:11     | Got a translucent bronze ring
  8251 | D:11     | Identified the ring "Juhiyg" {rCorr rElec Dex+4 Slay+3} (You took it off an orc warrior on level 11 of the Dungeon)
  8295 | D:11     | Got a scorched lead ring
  8331 | D:11     | Identified the ring "Ihaj" {Fire +Inv} (You took it off a vampire on level 11 of the Dungeon)
  8521 | D:11     | Got a twitching brass ring
  8538 | D:11     | Identified the ring of Hiyf {Fire rN+++ Str+6 Int-3} (You found it on level 11 of the Dungeon)
  8751 | D:11     | Found a staircase to the Orcish Mines.
  8787 | D:11     | Reached skill level 12 in Earth Magic
  9079 | D:12     | Found Amif's Weapon Shop.
  9382 | D:12     | Found Nealyh's Weapon Emporium.
  9555 | D:12     | Noticed Harold
  9561 | D:12     | Killed Harold
  9739 | D:12     | Found Zeonkea's General Store.
  9844 | D:12     | Bought a potion of curing for 42 gold pieces
  9844 | D:12     | Bought a scroll of identify for 28 gold pieces
  9979 | D:13     | Noticed a four-headed hydra
  9988 | D:13     | Killed a four-headed hydra
 10026 | D:13     | Noticed a tengu warrior
 10227 | D:14     | Reached XP level 13. HP: 54/139 MP: 5/28
 10266 | D:14     | Reached skill level 13 in Earth Magic
 10279 | D:14     | Offered knowledge of Iskenderun's Mystic Blast by Vehumet.
 10674 | D:14     | Learned a level 9 spell: Shatter
 10748 | D:14     | Gained mutation: You have a pair of small horns on your head. [evolution]
 10780 | D:14     | Found a gate to the Vaults.
 10817 | D:14     | Found a sacrificial altar of Ru.
 11303 | D:13     | Noticed Maurice
 11334 | D:12     | Killed Maurice
 11432 | D:13     | Reached skill level 14 in Earth Magic
 11773 | D:15     | Entered Level 15 of the Dungeon
 11829 | D:15     | Reached ****** piety under Vehumet
 11885 | D:15     | Gained mutation: You are dopey. (Int -2) [evolution]
 11956 | D:15     | Offered knowledge of Iron Shot by Vehumet.
 12156 | D:15     | Reached XP level 14. HP: 107/149 MP: 14/30
 12224 | D:15     | Found a staircase to the Depths.
 12503 | Orc:1    | Entered Level 1 of the Orcish Mines
 12504 | Orc:1    | Found an iron altar of Okawaru.
 12537 | Orc:1    | Noticed an orc warlord
 12555 | Orc:1    | Killed an orc warlord
 12605 | Orc:1    | Reached skill level 15 in Earth Magic
 12835 | Orc:2    | Entered Level 2 of the Orcish Mines
 12847 | Orc:2    | Found a labyrinth entrance.
 12870 | Lab      | Entered a labyrinth
 13231 | Lab      | Learned a level 6 spell: Iron Shot
 13240 | Lab      | Got a dazzling spear
 13241 | Lab      | Identified the +3 spear of Dim Light {pierce, rF+ Str+5} (You found it in a labyrinth)
 13333 | Orc:2    | Learned a level 4 spell: Petrify
 13729 | Orc:2    | Found Vyal's Book Boutique.
 13729 | Orc:2    | Found Seul's General Store.
 13731 | Orc:2    | Found Gyaram's Food Emporium.
 13733 | Orc:2    | Found Vahoisadgh's Book Shop.
 13746 | Orc:2    | Noticed Rupert
 13747 | Orc:2    | :O
 13818 | Orc:2    | Killed Rupert
 13907 | Orc:2    | Bought 2 potions of ambrosia for 224 gold pieces
 13907 | Orc:2    | Bought a potion of heal wounds for 70 gold pieces
 13915 | Orc:2    | Bought the Handbook of Combat Magic and Stones for 787 gold pieces
 13922 | Orc:2    | Learned a level 6 spell: Statue Form
 13950 | Orc:2    | p0werm0de: y0 lesz
 13958 | Orc:2    | Reached skill level 1 in Transmutations
 13960 | Orc:2    | p0werm0de: !lg
 13968 | Orc:2    | beem: 12702. p0werm0de the Champion of Chaos (L22 DDFi of Makhleb), escaped with the Orb and 3 runes on 2018-04-27 08:40:49, with 3933358 points after 17379 turns and 0:32:02.
 13968 | Orc:2    | p0werm0de: chekk
 13976 | Orc:2    | p0werm0de: !lg . -log
 13981 | Orc:2    | beem: 12702. p0werm0de, XL22 DDFi, T:17379: https://crawl.xtahua.com/crawl/morgue/p0werm0de/morgue-p0werm0de-20180427-084049.txt
 14020 | Orc:2    | Found a staircase to the Elven Halls.
 14062 | Orc:1    | Noticed Snorg
 14065 | Orc:1    | Leszczynek: nice
 14068 | Orc:1    | Leszczynek: new record?
 14071 | Orc:1    | Killed Snorg
 14113 | Orc:1    | p0werm0de: ye
 14136 | Orc:1    | p0werm0de: https://www.reddit.com/r/dcss/comments/8fajl9/new_realtime_speedrun_world_record_3202_by/
 14143 | Orc:1    | p0werm0de: upvote thx
 14172 | Orc:1    | p0werm0de: https://crawl.develz.org/tavern/viewtopic.php?f=17&t=25334
 14188 | Orc:1    | p0werm0de: also chekk this
 14368 | Elf:1    | Entered Level 1 of the Elven Halls
 14431 | Elf:1    | Noticed Asterion
 14452 | Elf:3    | Entered Level 3 of the Elven Halls
 14520 | Elf:1    | Leszczynek: i'm more worried that a certain someone may take my high score
 14520 | Elf:1    | Leszczynek: not that it's particularly good
 14520 | Elf:1    | Leszczynek: but it's still mine :)
 14602 | Elf:2    | Leszczynek: !stalk $p
 14603 | Elf:1    | beem: 4thArraOfDagon the L14 OgEE^Veh in Elf:3 (cxc tiles), T:14452, defenses: 9/11/0, stats: 17/21/8, >15 skills: Earth Magic
 14630 | Elf:1    | Found a frozen archway.
 14637 | IceCv    | Entered an ice cave
 14639 | IceCv    | Reached skill level 16 in Earth Magic
 14741 | IceCv    | Noticed a white very ugly thing
 14762 | IceCv    | Killed a white very ugly thing
 14762 | IceCv    | Reached XP level 15. HP: 110/156 MP: 6/32
 14905 | IceCv    | Gained mutation: You are partially covered in large bone plates. (SH +4) [evolution]
 15023 | IceCv    | Lost mutation: You are partially covered in large bone plates. (SH +4) [potion of mutation]
 15023 | IceCv    | Lost mutation: Potions are less effective at restoring your health. [potion of mutation]
 15023 | IceCv    | Lost mutation: You are dopey. (Int -2) [potion of mutation]
 15023 | IceCv    | Gained mutation: Your magical capacity is low. (-10% MP) [potion of mutation]
 15023 | IceCv    | Gained mutation: Your system is resistant to poisons. (rPois) [potion of mutation]
 15024 | IceCv    | p0werm0de: haha
 15075 | Elf:1    | Found Totypriu's Jewellery Shop.
 15091 | Elf:1    | p0werm0de: well OgEE is pretty good combo
 15099 | Elf:1    | p0werm0de: now
 15116 | Elf:1    | p0werm0de: did you score it with old ogre ?
 15116 | Elf:1    | p0werm0de: !hs * ogee
 15120 | Elf:1    | beem: 4242. Leszczynek the Shatterer (L27 OgEE of The Shining One), escaped with the Orb and 15 runes on 2016-08-21 19:38:54, with 26708839 points after 55875 turns and 8:30:25.
 15121 | Elf:1    | Leszczynek: yep, giant club + tso
 15125 | Elf:1    | p0werm0de: kk
 15128 | Elf:1    | Leszczynek: like almost all my ogre extended wins
 15129 | Elf:1    | Leszczynek: if not all
 15143 | Elf:1    | Offered knowledge of Orb of Destruction by Vehumet.
 15155 | Elf:1    | Learned a level 7 spell: Orb of Destruction
 15170 | Elf:1    | 4thArraOfDagon: leszczy I won't take your score ;)
 15170 | Elf:1    | 4thArraOfDagon: this is 104 zig ogre :)
 15208 | Elf:2    | 4thArraOfDagon: this will be 70k ish ;)
 15208 | Elf:2    | Leszczynek: ha ha
 15294 | Elf:1    | :O
 15633 | Elf:1    | Noticed a deep elf sorcerer
 15636 | Elf:1    | Killed a deep elf sorcerer
 15818 | Elf:1    | Noticed an Executioner
 15820 | Elf:1    | p0werm0de: ouchie
 15820 | Elf:1    | 4thArraOfDagon: rip
 15820 | Elf:1    | p0werm0de: cloud?
 15821 | Elf:1    | p0werm0de: gj
 15821 | Elf:1    | 4thArraOfDagon: oh
 15823 | Elf:1    | Killed Asterion
 15823 | Elf:1    | Reached skill level 17 in Earth Magic
 15884 | Elf:1    | 4thArraOfDagon: thx!
 16074 | Elf:1    | Gained mutation: You expend magic power (3 MP) to strengthen your wands. [evolution]
 16074 | Elf:1    | Lost mutation: You evolve. [end of evolution]
 16174 | Elf:2    | Found Meoff's Assorted Antiques.
 16182 | Elf:2    | Bought a potion of mutation for 248 gold pieces
 16182 | Elf:2    | Lost mutation: You have a pair of small horns on your head. [potion of mutation]
 16182 | Elf:2    | Lost mutation: Your magical capacity is low. (-10% MP) [potion of mutation]
 16182 | Elf:2    | Gained mutation: You have sharp toenails. [potion of mutation]
 16182 | Elf:2    | Gained mutation: You are mostly covered in icy blue scales. (AC +3) [potion of mutation]
 16183 | Elf:2    | p0werm0de: broad axe:D
 16183 | Elf:2    | Bought an encrusted broad axe for 279 gold pieces
 16183 | Elf:2    | Bought a scroll of identify for 62 gold pieces
 16183 | Elf:2    | Identified the +9 broad axe "Huurchocai" {chop, rC+} (You bought it in a shop on level 2 of the Elven Halls)
 16184 | Elf:2    | p0werm0de: gl
 16188 | Elf:2    | p0werm0de: !
 16188 | Elf:2    | 4thArraOfDagon: there
 16196 | Elf:2    | p0werm0de: thats decent enough eh
 16272 | Elf:2    | Reached skill level 15 in Spellcasting
 16315 | Elf:2    | Found a runed gate.
 16317 | Elf:2    | Found a runed gate.
 16327 | Elf:2    | Found a runed gate.
 16378 | Elf:2    | Leszczynek: do scrolls of noise have any use now?
 16407 | Elf:2    | p0werm0de: https://www.youtube.com/watch?v=-bPk_7KcJxk
 16427 | Elf:2    | p0werm0de: i drop them
 16452 | Elf:3    | p0werm0de: so they have the use of freeing inventory
 16474 | Elf:3    | p0werm0de: usually like lee is louder alrdy?
 16474 | Elf:3    | p0werm0de: not sure
 16509 | Elf:3    | Noticed a deep elf sorcerer
 16513 | Elf:3    | Killed a deep elf sorcerer
 16549 | Elf:3    | Reached XP level 16. HP: 165/165 MP: 25/35
 16789 | Elf:3    | Noticed a deep elf blademaster
 16802 | Elf:3    | Killed a deep elf blademaster
 16925 | Elf:3    | Found a radiant altar of Vehumet.
 16936 | Elf:3    | Reached skill level 18 in Earth Magic
 17207 | Elf:3    | Offered knowledge of Spellforged Servitor by Vehumet.
 17226 | Elf:3    | Identified the cursed +1 morningstar "4thArraOfDagon's Peril" {crush, rC+ SInv} (You took it off a deep elf elementalist on level 3 of the Elven Halls)
 17227 | Elf:3    | Identified the ring of Fefynn {Dex+4 Stlth+} (You took it off a deep elf elementalist on level 3 of the Elven Halls)
 17403 | Elf:3    | Got a shimmering lead ring
 17406 | Elf:3    | Identified the ring "Linokiuf" {rC+ rN+ MP+9 Stlth+} (You took it off a deep elf annihilator on level 3 of the Elven Halls)
 17494 | Elf:3    | Cast into level 2 of the Abyss (a deep elf demonologist)
 17587 | Abyss:2  | Got a scorched cloak
 17602 | Abyss:2  | Identified the +1 cloak of the Ban {rElec MR- Regen+ Str+7} (You found it on level 2 of the Abyss)
 17699 | Abyss:2  | Noticed a lich
 17700 | Abyss:2  | Killed a lich
 17707 | Elf:3    | Escaped the Abyss
 17719 | Elf:3    | Killed from afar by a deep elf death mage

Vault maps used:
D:1:      saegor_arrival_simple_c
D:2:      kennysheep_small_spiral, uniq_jessica, uniq_natasha
D:3:      kennysheep_slugbush, hex_large, uniq_ijyb
D:4:      kennysheep_six_static_rooms, uniq_edmund
D:5:      minmay_diamond_boxcup, temple_hall, first_ration
D:6:      nicolae_dithmenos_through_a_glass_darkly, uniq_blork_the_orc,
          uniq_duvessa, uniq_eustachio, uniq_grinder
D:8:      elyvilon_altar_4, dpeg_oklobed_lair, grunt_ogre_cave,
          minmay_mini_ossuary
D:9:      serial_shops, nicolae_shop_competitors_out_of_business,
          serial_bayou_pond_a, roderic_serpentine_path
D:10:     serial_shops, shop, minmay_misc_feat_four_crosses
D:11:     minmay_the_grid_triangle_9x9_recursive_3_mashed
D:12:     serial_shops, nicolae_shop_window_shopping, shop, shop, uniq_harold
D:13:     minmay_misc_feat_alley, uniq_maurice
D:14:     david_vaults_4, nicolae_ru_sacrificial_ziggurat
D:15:     gammafunk_depths_entry_grave, minmay_misc_feat_doors,
          minmay_crystal_water
Temple:   compressed_dpeg_triangle_lava_temple
Orc:1:    okawaru_metal_pillars_3, uniq_snorg
Orc:2:    st_orc_rangers, lab_entry_generic, uniq_rupert
Elf:1:    serial_shops, nicolae_shop_stone, portal_ice_cave_entry_pillars_three,
          hangedman_elf_disciples, grunt_megastairs_3, uniq_asterion
Elf:2:    serial_shops, shop, dk_noncrumbling_3, palyth_stone_intersect
Elf:3:    grunt_elf_hall_diamonds, grunt_ministairs_14, lemuel_statue_altar
Lab:      nicolae_lab_quarters, nicolae_lab_checkerboard, nicolae_lab_do_over
IceCv:    ice_cave_statue_garden_chambered

Skill      XL: |  1  2  3  4  5  6  7  8  9 10 11 12 13 14 15 16 |
---------------+-------------------------------------------------+-----
Earth Magic    | 3 4 5 6 7 8 9 11 12 14 16 17 18 | 18.5
Spellcasting   | 3 4 5 6 8 9 11 12 13 15 16 | 16.0
Dodging        | 2 3 4 5 6 |  6.0
Fighting       | 2 4 5 7 9 11 12 | 12.0
Necromancy     | 2 4 |  4.0
Charms         | 2 4 |  4.0
Transmutations | 4 |  4.1
Stealth        | 3 |  3.6

Action                   |  1- 3 |  4- 6 |  7- 9 | 10-12 | 13-15 | 16-18 || total
-------------------------+-------+-------+-------+-------+-------+-------++-------
Melee: Short sword       |    19 |    44 |       |       |       |       ||    63
       Whip              |       |    40 |    70 |       |       |       ||   110
       Rapier            |       |       |    20 |       |       |       ||    20
       War axe           |       |       |    13 |   185 |   264 |       ||   462
       Headbutt          |       |       |       |       |    37 |       ||    37
       Broad axe         |       |       |       |       |    20 |    55 ||    75
       Kick              |       |       |       |       |     3 |    10 ||    13
 Cast: Sandblast         |    30 |    85 |    92 |    34 |    31 |     9 ||   281
       Lee's Rapid Decon |       |       |    16 |   132 |   250 |    56 ||   454
       Iron Shot         |       |       |       |       |    19 |     2 ||    21
       Petrify           |       |       |       |       |    15 |       ||    15
       Statue Form       |       |       |       |       |    13 |     7 ||    20
       Shatter           |       |       |       |       |       |     6 ||     6
 Abil: End Transformatio |       |       |       |       |     6 |     3 ||     9
Evoke: Wand              |       |       |     3 |     9 |    38 |     1 ||    51
       Sack of spiders   |       |       |       |       |     2 |       ||     2
       Lightning rod     |       |       |       |       |       |     2 ||     2
  Use: Scroll            |       |     8 |     3 |     6 |    28 |     5 ||    50
       Potion            |       |       |       |     2 |    20 |       ||    22
 Stab: Sleeping          |       |     1 |       |     1 |       |       ||     2
       Paralysed         |       |       |       |    10 |    28 |       ||    38
       Petrified         |       |       |       |       |     8 |       ||     8
       Distracted        |       |       |       |       |     1 |       ||     1
       Confused          |       |       |       |       |       |     1 ||     1
  Eat: Chunk             |       |     4 |    12 |    38 |    59 |     5 ||   118
       Ration            |       |       |     1 |     2 |     5 |       ||     8
Armor: Robe              |    26 |    39 |    26 |    87 |    14 |       ||   192
       Troll leather arm |       |       |       |       |    87 |     3 ||    90
       Skin              |       |       |       |       |   160 |    61 ||   221
Dodge: Dodged            |    30 |    50 |    73 |   142 |   270 |    64 ||   629

Table legend:
 A = Spawn XP
 B = Non-spawn XP
 C = Spawn XP percentage of total XP
 D = Spawn monster count
 E = Non-spawn monster count
 F = Spawn count percentage of total count
 G = Total turns spent on level
                    A         B        C        D         E        F      G
               +---------+---------+-------+---------+---------+-------+---------
         Total |   11743 |  155977 |   7.0 |      15 |     691 |   2.1 | 17719
               +---------+---------+-------+---------+---------+-------+---------
           D:1 |       0 |      62 |   0.0 |       0 |      31 |   0.0 |   704
           D:2 |       0 |     239 |   0.0 |       0 |      29 |   0.0 |   755
           D:3 |       0 |     153 |   0.0 |       0 |      29 |   0.0 |   543
           D:4 |       0 |     734 |   0.0 |       0 |      32 |   0.0 |   807
           D:5 |       0 |     683 |   0.0 |       0 |      20 |   0.0 |   813
           D:6 |       0 |    2040 |   0.0 |       0 |      23 |   0.0 |   518
           D:7 |       0 |     618 |   0.0 |       0 |       8 |   0.0 |   776
           D:8 |       0 |    3568 |   0.0 |       0 |      33 |   0.0 |  1029
           D:9 |       0 |    1621 |   0.0 |       0 |      18 |   0.0 |   831
          D:10 |       0 |    3575 |   0.0 |       0 |      23 |   0.0 |  1091
          D:11 |       0 |   10714 |   0.0 |       0 |      64 |   0.0 |  1155
          D:12 |       0 |    6150 |   0.0 |       0 |      36 |   0.0 |  1129
          D:13 |       0 |    9414 |   0.0 |       0 |      46 |   0.0 |   694
          D:14 |       0 |   11556 |   0.0 |       0 |      44 |   0.0 |  1073
          D:15 |       0 |    4242 |   0.0 |       0 |      19 |   0.0 |   558
         Orc:1 |       0 |    7231 |   0.0 |       0 |      39 |   0.0 |   512
         Orc:2 |       0 |   11186 |   0.0 |       0 |      65 |   0.0 |   948
         Elf:1 |       0 |   35027 |   0.0 |       0 |      54 |   0.0 |  1105
         Elf:2 |       0 |    5886 |   0.0 |       0 |       8 |   0.0 |   526
         Elf:3 |       0 |   31177 |   0.0 |       0 |      39 |   0.0 |  1062
       Abyss:2 |   11743 |    1073 |  91.6 |      15 |       8 |  65.2 |   213
           Lab |       0 |    1277 |   0.0 |       0 |       1 |   0.0 |   420
         IceCv |       0 |    7751 |   0.0 |       0 |      22 |   0.0 |   430
               +---------+---------+-------+---------+---------+-------+---------
